 Dungeon Crawl Stone Soup version 0.31-a0-846-gb3bcc0d938 (webtiles) character file.

Game seed: 11415887879625756109

152658 GigaChad the Severer (level 18, -6/140 HPs) *EXPLORE*
             Began as a Formicid Fighter on Oct 2, 2023.
             Was an Initiate of Gozag.
             Engulfed by a cloud of flame (13 damage)
             ... on level 4 of the Snake Pit on Oct 3, 2023.
             The game lasted 00:51:19 (30462 turns).

GigaChad the Severer (Formicid Fighter)            Turns: 30462, Time: 00:51:19

Health: -6/140     AC: 38    Str: 29    XL:     18   Next: 21%
Magic:  32/32      EV:  6    Int:  8    God:    Gozag
Gold:   7994       SH: 23    Dex: 23    Spells: 38/38 levels left

rFire   . . .        a - +2 war axe (flame)
rCold   . . .        z - +1 tower shield {AC+3}
rNeg    + + +        m - +0 crystal plate armour
rPois   +            (helmet unavailable)
rElec   .            C - +2 cloak {rCorr}
rCorr   +            Z - +2 pair of gloves of Amelioration {rN+ rCorr Dex+4}
SInv    +            (no boots)
Will    ++...        (no amulet) Stlth
                     S - ring "Gegrabl Ciusm" {rN++ Dex+6 Slay+3}
HPRegen 0.43/turn    B - ring "Xezodan" {rPois Will+ AC+4 Stlth+}
MPRegen 0.23/turn

%: no passive effects
@: lethally poisoned (-6 -> -8), gold aura, studying Armour
A: permanent stasis, dig shafts and tunnels, antennae 3, four strong arms
a: Dig, Shaft Self, Renounce Religion, Potion Petition, Call Merchant, Bribe
Branch


You were on level 4 of the Snake Pit.
You worshipped Gozag.
Gozag was greatly pleased with you.
You visited 5 branches of the dungeon, and saw 27 of its levels.

You collected 10401 gold pieces.
You spent 2341 gold pieces at shops.
You paid 66 gold pieces to Gozag.

Inventory:

Hand Weapons
 a - a +2 war axe of flaming (weapon)
 b - a +3 battleaxe of venom
 l - a +1 great mace of holy wrath
 L - a +1 war axe of chaos
 N - a +1 demon whip of venom
 T - the +5 long sword of Desperation {elec, Fragile rElec rPois Will+}
   (You found it on level 12 of the Dungeon)

   rElec:     It insulates you from electricity.
   rPois:     It protects you from poison Will+: It increases your willpower.
   Fragile:   It will be destroyed if unequipped.
 U - the +1 falchion of Charity {heavy, Str+2}
   (You found it on level 3 of the Lair of Beasts)

   Str+2:     It affects your strength (+2).
 X - the +1 whip "Grim" {freeze, Str+6 Int+4}
   (You found it on level 3 of the Lair of Beasts)

   Str+6:     It affects your strength (+6).
   Int+4:     It affects your intelligence (+4).
Missiles
 F - 2 throwing nets
Armour
 h - a +2 plate armour of cold resistance
 m - a +0 crystal plate armour (worn)
 z - a +1 tower shield of protection (worn)
 C - a +2 cloak of preservation (worn)
 Z - the +2 pair of gloves of Amelioration (worn) {rN+ rCorr Dex+4}
   (You acquired it on level 5 of the Lair of Beasts)

   Dex+4:     It affects your dexterity (+4).
   rN+:       It protects you from negative energy.
   rCorr:     It protects you from acid and corrosion.
Jewellery
 j - a ring of poison resistance
 q - a ring of resist corrosion
 B - the ring "Xezodan" (right hand) {rPois Will+ AC+4 Stlth+}
   (You bought it in a shop on level 5 of the Dungeon)

   [ring of protection]

   AC+4:      It affects your AC (+4).
   rPois:     It protects you from poison Will+: It increases your willpower.
   Stlth+:    It makes you more stealthy.
 R - the ring "Retinod" {rPois Str+5}
   (You bought it in a shop on level 5 of the Dungeon)

   [ring of poison resistance]

   Str+5:     It affects your strength (+5).
   rPois:     It protects you from poison
 S - the ring "Gegrabl Ciusm" (left hand) {rN++ Dex+6 Slay+3}
   (You found it on level 3 of the Lair of Beasts)

   [ring of dexterity]

   Dex+6:     It affects your dexterity (+6).
   Slay+3:    It affects your accuracy & damage with ranged weapons and melee
   (+3).
   rN++:      It greatly protects you from negative energy.
 W - a +6 ring of strength
Talismans
 o - a beast talisman
 r - a beast talisman
 x - a blade talisman
 M - a beast talisman
 P - a flux talisman
Wands
 p - a wand of flame (4)
 t - a wand of mindburst (20)
 u - a wand of charming (11)
 A - a wand of iceblast (33)
 H - a wand of digging (5)
 K - a wand of quicksilver (16)
Scrolls
 e - a scroll of amnesia
 f - 12 scrolls of identify
 i - a scroll of silence {unknown}
 k - a scroll of enchant weapon
 s - 2 scrolls of immolation
 v - 3 scrolls of revelation
 y - 5 scrolls of poison
 E - a scroll of fog
 Q - 2 scrolls of fear {unknown}
 V - 4 scrolls of vulnerability {unknown}
 Y - 2 scrolls of blinking {unknown}
Potions
 c - 2 potions of lignification {unknown}
 d - 2 potions of might
 g - 6 potions of brilliance
 n - a potion of enlightenment
 w - a potion of magic
 D - 2 potions of degeneration
 G - 6 potions of curing {unknown}
 I - 3 potions of attraction {unknown}
Miscellaneous
 J - a sack of spiders
 O - a tin of tremorstones (2/2)


   Skills:
 + Level 11.9 Fighting
 * Level 18.9 Axes
 * Level 16.1 Armour
 * Level 13.4 Stealth
 * Level 17.5 Shields
 * Level 10.6 Spellcasting
 * Level 6.2 Evocations
 * Level 5.5 Shapeshifting


You had 38 spell levels left.
You didn't know any spells.
Your spell library contained the following spells:

 Spells                   Type           Power      Damage    Failure   Level
 Apportation              Tloc           8%         N/A       99%         1
 Necrotise                Necr           16%        1d4       99%         1
 Shock                    Conj/Air       16%        1d4       99%         1
 Sting                    Tmut/Pois      16%        1d3       99%         1
 Summon Small Mammal      Summ           16%        N/A       99%         1
 Cigotuvi's Dreadful Rot  Necr/Pois/Air  8%         N/A       100%        2
 Ensorcelled Hibernation  Hex/Ice        8%         N/A       100%        2
 Jinxbite                 Hex            8%         N/A       100%        2
 Poisonous Vapours        Pois/Air       8%         N/A       100%        2
 Scorch                   Fire           8%         2d5       100%        2
 Sublimation of Blood     Necr           4%         N/A       100%        2
 Wereblood                Tmut           4%         N/A       100%        2
 Call Canine Familiar     Summ           4%         N/A       100%        3
 Hailstorm                Conj/Ice       4%         3d4       100%        3
 Ignite Poison            Fire/Tmut/Pois 4%         N/A       100%        3
 Summon Guardian Golem    Hex/Summ       4%         N/A       100%        3
 Vampiric Draining        Necr           4%         2d6       100%        3
 Airstrike                Air            2%         2d(1-17)  100%        4
 Anguish                  Hex/Necr       2%         N/A       100%        4
 Cause Fear               Hex            2%         N/A       100%        4
 Flame Wave               Conj/Fire      4%         2d5       100%        4
 Olgreb's Toxic Radiance  Pois           4%         N/A       100%        4
 Summon Ice Beast         Ice/Summ       4%         N/A       100%        4
 Agony                    Necr           4%         N/A       100%        5
 Alistair's Intoxication  Tmut/Pois      2%         N/A       100%        5
 Borgnjor's Vile Clutch   Necr/Erth      2%         N/A       100%        5
 Fireball                 Conj/Fire      2%         3d4       100%        5
 Freezing Cloud           Conj/Ice/Air   2%         6-21      100%        5
 Eringya's Noxious Bog    Tmut/Pois      2%         4d6       100%        6
 Summon Cactus Giant      Summ           2%         N/A       100%        6
 Haunt                    Necr/Summ      2%         N/A       100%        7
 Summon Hydra             Summ           2%         N/A       100%        7
 Infestation              Necr           2%         N/A       100%        8
 Dragon's Call            Summ           2%         N/A       100%        9
 Swiftness                Air            Unusable   N/A       N/A         3
 Animate Dead             Necr           Unusable   N/A       N/A         4
 Simulacrum               Ice/Necr       Unusable   N/A       N/A         6

Dungeon Overview and Level Annotations

Branches:
Dungeon (15/15)            Temple (1/1) D:4            Lair (5/5) D:10
  Swamp (0/4) Lair:3        Snake (4/4) Lair:3        Slime (0/5) Lair:4
    Orc (2/2) D:12            Elf (0/3) Orc:2        Vaults (0/5) D:14
 Depths (0/4) D:15

Altars:
Ashenzari
Cheibriados
Dithmenos
Elyvilon
Fedhas
Gozag
Hepliaklqana
Kikubaaqudgha
Makhleb
Nemelex Xobeh
Okawaru
Qazlal
Ru
Sif Muna
Trog
Uskayaw
Vehumet
Wu Jian
Xom
Yredelemnul
Zin
The Shining One
Jiyva
Lugonu

Shops:
D:1 ?   D:5 =   Orc:2 *[*:

Portals:
Abyss: D:9
Trove: D:12 (give 4 scrolls of fog)

Annotations:
D:5 5 runed translucent doors
D:6 2 transporters, kd29's ghost, novice OpSh
D:9 2 runed translucent doors
Lair:3 exclusion: oklob plant
Lair:4 3 runed translucent doors, 2 transporters, LeprechaunX's ghost, journeyman OpSh; Nestid's ghost, journeyman OgHs; Ocsitsuh's ghost, journeyman DgEE; Zoekh's ghost, journeyman DsCK


Innate Abilities, Weirdness & Mutations

You cannot be hasted, slowed, berserked, paralysed or teleported.
You can dig through walls and to a lower floor.
You have a pair of large antennae on your head. (SInv)
Your four strong arms can wield two-handed weapons with a shield.


Message History

The naga warrior is almost dead.
The fiery explosion engulfs you!
The fiery explosion engulfs the black mamba!!!
The black mamba explodes!
The fiery explosion engulfs the naga warrior!!!
Flame seeps out of the naga warrior.
The naga warrior is severely wounded.
You are engulfed in blazing flames.
You feel sick.
You hear a shout! x3
The naga is no longer distracted by gold.
The naga warrior is engulfed in blazing flames.
Flame seeps out of the naga warrior.
The naga warrior spits poison at you. You block the splash of poison.
The naga warrior is engulfed in blazing flames.
Flame seeps out of the naga warrior.
You block the naga warrior's attack.
The guardian serpent is engulfed in blazing flames.
Flame seeps out of the guardian serpent.
The naga hits you from afar with a +0 halberd!
* * * LOW HITPOINT WARNING * * *
You completely miss the naga warrior.
The naga warrior is almost dead.
You slash the guardian serpent! You burn the guardian serpent.
The guardian serpent explodes!
The fiery explosion engulfs you but does no damage.
The fiery explosion engulfs the naga warrior!!!
The fiery explosion engulfs the naga warrior!!
The naga warrior explodes!
The fiery explosion engulfs the naga!!
The naga explodes!
The fiery explosion engulfs the naga sharpshooter!!!
Flame seeps out of the naga sharpshooter.
The naga sharpshooter is severely wounded.
The naga sharpshooter is no longer distracted by gold.
The naga warrior explodes!
The fiery explosion engulfs you!!
* * * LOW HITPOINT WARNING * * *
You are engulfed in blazing flames.
You die...
Your body crumbles into a pile of gold.

..!.# ...# { {
.#....$#$. # #.##{
,8..$..8$ ####..####
,.N.⌠$... .........##
N§§$.#
######.#..#####§§§§$#
#..#.....##§§§#
##.....#.##○§§##...
#####....8@○§8.... ##
#####..§§$$$.. ...
#NNN###$$..# ...
#..N# ...# ... #....
### ... #...< #..
.###.. #. .. ## ...


You could see a naga sharpshooter (inner flame, strong), a naga mage (fast,
inner flame) and 4 nagas.

Vanquished Creatures
  Saint Roka (Orc:2)
  Donald (Snake:2)
  A nagaraja (Snake:3)
  An orc warlord (Orc:1)
  Azrael (Snake:3)
  2 ettins
  Josephine (D:15)
  4 hydras
  3 ogre magi
  A ghost crab (Lair:3)
  2 boulder beetles
  6 catoblepae
  4 tengu warriors
  A centaur warrior (D:15)
  6 anacondas
  12 death yaks
  A deep troll shaman (Lair:5)
  8 naga warriors
  21 two-headed ogres
  An orc high priest (Orc:1)
  3 naga sharpshooters (Snake:3)
  4 shock serpents
  Nergalle (D:11)
  Amaemon (Lair:1)
  2 skysharks
  4 skeletal warriors (D:12)
  2 sea snakes (Snake:3)
  Lodul (D:11)
  2 wizards (D:15)
  4 deep trolls
  3 naga ritualists
  A necromancer (D:14)
  6 orc knights
  Pikel (D:7)
  A lindwurm (Lair:5)
  8 mana vipers
  2 deep elf pyromancers
  3 orc sorcerers
  A wolf spider (D:15)
  6 ugly things
  5 cyclopes
  3 salamanders
  Maurice (D:8)
  40 black mambas
  17 elephants
  An orange demon (Lair:1)
  A black mamba (shapeshifter) (D:15)
  3 guardian serpents
  7 naga magi
  23 cane toads
  A gargoyle (D:14)
  2 rime drakes
  An efreet (D:15)
  9 komodo dragons
  An unseen horror (D:12)
  A spectral skyshark (Lair:3)
  2 tengu conjurers
  12 trolls
  A polar bear (Lair:1)
  23 blink frogs
  7 dream sheep (Lair:4)
  12 slime creatures
  6 wyverns
  65 yaks
  3 basilisks
  2 shadows (D:12)
  5 wraiths
  A vampire (D:8)
  2 fire elementals (Snake:3)
  2 vampire mosquitoes (D:12)
  3 steam dragons
  4 acid dragons
  2 wargs
  29 nagas
  3 hell hounds (Snake:3)
  16 water moccasins
  A spectral blink frog (Lair:3)
  8 ice beasts
  34 orc warriors
  3 black bears
  A sky beast (D:8)
  39 ogres
  10 centaurs
  19 wolves
  10 boggarts
  A lemure (D:7)
  4 kobold brigands
  13 bullfrogs
  A gnoll sergeant (D:8)
  A scorpion (D:6)
  6 wights
  13 killer bees
  A howler monkey (D:4)
  4 electric eels (D:8)
  2 quasits (D:5)
  14 orc priests
  5 hounds
  A gnoll bouda (D:7)
  2 jellies
  16 orc wizards
  2 iguanas (D:5)
  15 hell rats
  14 gnolls
  11 adders
  9 river rats (Lair:3)
  4 shadow imps (D:5)
  6 white imps
  3 ufetubi
  4 dart slugs
  51 orcs
  8 ball pythons
  7 bats
  7 endoplasms
  2 giant cockroaches (D:1)
  8 hobgoblins
  3 jackals (D:2)
  2 quokkas
  2 frilled lizards
  9 goblins
  30 kobolds
  2 rats
858 creatures vanquished.

Vanquished Creatures (others)
  A guardian serpent (Snake:3)
1 creature vanquished.

Grand Total: 859 creatures vanquished

Notes
Turn   | Place    | Note
-------+----------+-------------------------------------------
     0 | D:1      | GigaChad the Formicid Fighter began the quest for the Orb.
     0 | D:1      | Reached XP level 1. HP: 18/18 MP: 1/1
     0 | D:1      | Entered explore mode.
    93 | D:1      | Reached XP level 2. HP: 22/24 MP: 2/2
   260 | D:1      | Reached XP level 3. HP: 29/29 MP: 3/3
   442 | D:1      | Reached skill level 1 in Stealth
   483 | D:1      | Found Koupnukoox's Magic Scroll Boutique.
   798 | D:2      | Reached XP level 4. HP: 34/35 MP: 4/4
   954 | D:2      | Reached skill level 3 in Axes
  1013 | D:2      | Reached skill level 1 in Spellcasting
  1289 | D:3      | Reached XP level 5. HP: 41/41 MP: 6/6
  1497 | D:3      | Identified a scroll of acquirement
  1497 | D:3      | Acquired a manual of Axes
  1733 | D:3      | Reached skill level 4 in Axes
  1926 | D:3      | Found a sparkling altar of Nemelex Xobeh.
  2255 | D:4      | Found a hide-covered altar of Uskayaw.
  2277 | D:4      | Found a staircase to the Ecumenical Temple.
  2281 | D:4      | Reached XP level 6. HP: 40/48 MP: 8/8
  2300 | Temple   | Entered the Ecumenical Temple
  2310 | Temple   | Became a worshipper of Gozag Ym Sagoz the Greedy
  3136 | D:5      | Entered Level 5 of the Dungeon
  3136 | D:5      | Noticed a redback
  3137 | D:5      | Noticed a water moccasin
  3140 | D:5      | Noticed an ogre
  3147 | D:5      | Reached skill level 5 in Axes
  3148 | D:5      | Killed an ogre
  3221 | D:5      | Noticed a water moccasin
  3224 | D:5      | Found a runed translucent door.
  3227 | D:5      | Found a runed translucent gate.
  3228 | D:5      | Found a runed translucent gate.
  3230 | D:5      | Found the +9 staff of Olgreb {rPois∞}
  3251 | D:5      | Reached skill level 5 in Shields
  3251 | D:5      | Reached XP level 7. HP: 48/53 MP: 8/10
  3252 | D:5      | Reached skill level 6 in Axes
  3339 | D:5      | Reached skill level 7 in Axes
  3346 | D:5      | Noticed a water moccasin
  3359 | D:5      | Slain by a water moccasin (3 damage)
  3365 | D:5      | Killed a water moccasin
  3366 | D:5      | Reached XP level 8. HP: 48/60 MP: 11/11
  3469 | D:5      | Reached skill level 8 in Axes
  3644 | D:5      | Found Oxkiappa's Jewellery Shoppe.
  3704 | D:5      | Found a runed translucent gate.
  3713 | D:5      | Found a runed translucent door.
  4049 | D:6      | Reached skill level 5 in Armour
  4130 | D:6      | Reached skill level 9 in Axes
  4310 | D:6      | Found a transporter.
  4523 | D:6      | Reached XP level 9. HP: 63/66 MP: 13/13
  4528 | D:6      | Reached skill level 10 in Axes
  4673 | D:6      | HP: 1/66 [wight/+0 halberd (6)]
  4674 | D:6      | Mangled by a wight
                  | ... wielding a +0 halberd
                  | (7 damage)
  4781 | D:6      | Noticed a hornet
  4803 | D:6      | Noticed kd29's ghost (novice OpSh)
  4811 | D:6      | Found a transporter.
  5051 | D:7      | Reached skill level 11 in Axes
  5349 | D:7      | Noticed Pikel
  5358 | D:7      | Killed Pikel
  5359 | D:7      | Reached skill level 5 in Fighting
  5359 | D:7      | Reached skill level 5 in Stealth
  5359 | D:7      | Reached XP level 10. HP: 50/74 MP: 14/16
  5531 | D:7      | Reached skill level 12 in Axes
  5534 | D:7      | Slain by a gnoll
                  | ... wielding a +0 halberd of venom
                  | ... led by a gnoll bouda
                  | (6 damage)
  6023 | D:5      | Bought the ring "Xezodan" {rPois Will+ AC+4 Stlth+} for 722
                  | gold pieces
  6290 | D:8      | Noticed a two-headed ogre
  6291 | D:8      | Noticed Maurice
  6295 | D:8      | Killed a two-headed ogre
  6297 | D:8      | Maurice stole a +6 ring of intelligence
  6305 | D:8      | Maurice stole a blade talisman
  6305 | D:8      | HP: 2/74 [gnoll sergeant/+0 trident (6)]
  6306 | D:8      | Blown up by Maurice (12 damage)
                  | ... with a mindburst bolt
  6307 | D:8      | Maurice stole 298 gold
  6322 | D:8      | Killed Maurice
  6334 | D:8      | Reached skill level 13 in Axes
  6808 | D:8      | Killed from afar by an electric eel (11 damage)
                  | ... with a bolt of electricity
  7060 | D:8      | Noticed a deep elf pyromancer
  7071 | D:8      | Reached XP level 11. HP: 28/81 MP: 18/18
  7077 | D:8      | Killed by vampiric draining
                  | ... invoked by a vampire
                  | (15 damage)
  7086 | D:8      | Reached skill level 5 in Spellcasting
  7086 | D:8      | HP: 2/81 [fire elemental[a deep elf pyromancer] (7)]
  7087 | D:8      | Slain by a deep elf pyromancer
                  | ... wielding a +0 short sword
                  | (6 damage)
  7092 | D:8      | Killed a deep elf pyromancer
  7093 | D:8      | Reached skill level 14 in Axes
  7727 | D:8      | Found a shadowy altar of Dithmenos.
  8122 | D:9      | Found a glowing golden altar of the Shining One.
  8147 | D:9      | Found a large runed translucent door.
  8147 | D:9      | Found a large runed translucent door.
  8149 | D:9      | Found a corrupted altar of Lugonu.
  8150 | D:9      | Noticed a green ugly thing
  8151 | D:9      | Noticed a red ugly thing
  8233 | D:9      | Identified the +9 dagger of Ignis's Scorn {distort, rC+
                  | rN++}
  8255 | D:9      | Found a one-way gate to the infinite horrors of the Abyss.
  8545 | D:10     | Entered Level 10 of the Dungeon
  8626 | D:10     | Noticed an orc knight
  8628 | D:10     | Noticed an orc sorcerer
  8641 | D:10     | Noticed a soul eater
  8645 | D:10     | HP: 3/78 [soul eater[an orc knight] (8)]
  8645 | D:10     | Slain by a hellwing (5 damage)
                  | ... summoned by an orc sorcerer
                  | ... led by an orc knight
  8652 | D:10     | HP: 1/73 [soul eater[an orc knight] (6)]
  8652 | D:10     | Slain by a hellwing (4 damage)
                  | ... summoned by an orc sorcerer
                  | ... led by an orc knight
  8655 | D:10     | Killed an orc knight
  8658 | D:10     | Slain by a soul eater (15 damage)
                  | ... summoned by an orc sorcerer
                  | ... led by an orc knight
  8673 | D:10     | Killed an orc sorcerer
  8865 | D:10     | Noticed a two-headed ogre
  8892 | D:10     | Mangled by a two-headed ogre
                  | ... wielding a +0 giant spiked club
                  | (20 damage)
  8899 | D:10     | Killed a two-headed ogre
  8904 | D:10     | Reached XP level 12. HP: 48/89 MP: 20/20
  8942 | D:10     | Found a staircase to the Lair.
  9139 | D:10     | Reached skill level 15 in Axes
  9440 | Lair:1   | Entered Level 1 of the Lair of Beasts
 10200 | Lair:1   | Reached skill level 10 in Shields
 10288 | Lair:1   | Noticed Amaemon
 10314 | Lair:1   | Killed Amaemon
 10698 | Lair:1   | Noticed a catoblepas
 10714 | Lair:1   | HP: 3/91 [wyvern (3)]
 10715 | Lair:1   | Slain by a catoblepas (9 damage)
                  | ... while petrified by a catoblepas
 10728 | Lair:1   | Killed a catoblepas
 10728 | Lair:1   | Noticed a catoblepas
 10729 | Lair:1   | Reached skill level 10 in Armour
 10746 | Lair:1   | HP: 2/91 [catoblepas (4)]
 10748 | Lair:1   | Slain by a catoblepas (7 damage)
                  | ... while petrified by a catoblepas
 10772 | Lair:1   | HP: 4/91 [catoblepas (14)]
 10773 | Lair:1   | Killed a catoblepas
 11014 | Lair:1   | Reached XP level 13. HP: 75/97 MP: 23/23
 11064 | Lair:1   | Noticed a catoblepas
 11102 | Lair:1   | Killed a catoblepas
 11328 | Lair:1   | Reached skill level 16 in Axes
 11700 | Lair:1   | Upgraded the game from 0.31-a0-845-g9abc20d24f to
                  | 0.31-a0-846-gb3bcc0d938
 12602 | Lair:2   | HP: 2/98 [yak (3)]
 12604 | Lair:2   | Succumbed to a cane toad's poison
 13051 | D:5      | Bought the ring "Retinod" {rPois Str+5} for 487 gold pieces
 13424 | Lair:3   | Identified the ring "Gegrabl Ciusm" {rN++ Dex+6 Slay+3}
 13841 | Lair:3   | Identified the +1 falchion of Charity {heavy, Str+2}
 14265 | Lair:3   | Noticed a catoblepas
 14305 | Lair:3   | Killed a catoblepas
 14506 | Lair:3   | Identified the +1 whip "Grim" {freeze, Str+6 Int+4}
 14549 | Lair:3   | Noticed a ghost crab
 14565 | Lair:3   | Killed a ghost crab
 14566 | Lair:3   | Reached skill level 10 in Stealth
 14566 | Lair:3   | Reached XP level 14. HP: 11/104 MP: 25/25
 14830 | Lair:3   | Found a staircase to the Swamp.
 14980 | Lair:3   | Found a staircase to the Snake Pit.
 15107 | Lair:3   | Found a blossoming altar of Fedhas.
 15191 | Lair:4   | Found a staircase to the Slime Pits.
 15192 | Lair:4   | Found a viscous altar of Jiyva.
 15824 | Lair:4   | HP: 5/108 [death yak (12)]
 16279 | Lair:4   | Found a runed translucent gate.
 16280 | Lair:4   | Found a runed translucent gate.
 16281 | Lair:4   | Found a runed translucent gate.
 16283 | Lair:4   | Noticed Ocsitsuh's ghost (journeyman DgEE)
 16309 | Lair:4   | Reached skill level 17 in Axes
 16385 | Lair:4   | Slain by a catoblepas (16 damage)
 16432 | Lair:4   | Found a transporter.
 16432 | Lair:4   | Found a transporter.
 16562 | Lair:4   | Noticed Nestid's ghost (journeyman OgHs)
 16563 | Lair:4   | Noticed LeprechaunX's ghost (journeyman OpSh)
 16563 | Lair:4   | Noticed Zoekh's ghost (journeyman DsCK)
 16675 | Lair:5   | Entered Level 5 of the Lair of Beasts
 16813 | Lair:5   | Slain by a death yak (10 damage)
 17140 | Lair:5   | Reached XP level 15. HP: 115/115 MP: 27/27
 17256 | Lair:5   | HP: 4/115 [death yak (5)]
 17256 | Lair:5   | Slain by a catoblepas (5 damage)
                  | ... while petrified by a catoblepas
 17273 | Lair:5   | Killed from afar by a lindwurm (18 damage)
                  | ... with a blast of flame
 17579 | Lair:5   | Acquired the +2 pair of gloves of Amelioration {rN+ rCorr
                  | Dex+4}
 17616 | Lair:5   | Reached skill level 10 in Fighting
 18034 | Lair:5   | Reached skill level 1 in Evocations
 18420 | D:11     | Reached skill level 1 in Shapeshifting
 18538 | D:11     | Noticed Lodul
 18558 | D:11     | Killed Lodul
 18742 | D:11     | Noticed Nergalle
 18761 | D:11     | Killed Nergalle
 19428 | D:12     | Identified the +5 long sword of Desperation {elec, Fragile
                  | rElec rPois Will+}
 19446 | D:12     | Found a staircase to the Orcish Mines.
 19486 | Orc:1    | Entered Level 1 of the Orcish Mines
 19718 | Orc:1    | Noticed an orc warlord
 19744 | Orc:1    | Killed an orc warlord
 20816 | Orc:1    | Killed by divine providence
                  | ... invoked by an orc priest
                  | (12 damage)
 20832 | Orc:1    | Reached skill level 15 in Shields
 20973 | Orc:2    | Entered Level 2 of the Orcish Mines
 20973 | Orc:2    | Found Nuxoemal's Assorted Antiques.
 20981 | Orc:2    | Reached XP level 16. HP: 123/123 MP: 29/29
 20992 | Orc:2    | Killed by an exploding deep troll (38 damage)
                  | ... ignited by their inner flame
 20994 | Orc:2    | Found Amaarido's Antique Armour Boutique.
 20998 | Orc:2    | HP: 5/124 [spore (21)]
 20998 | Orc:2    | Killed by an exploding two-headed ogre (28 damage)
                  | ... ignited by their inner flame
 20999 | Orc:2    | Reached skill level 18 in Axes
 21000 | Orc:2    | Noticed Saint Roka
 21002 | Orc:2    | Found Zyzace's General Store.
 21007 | Orc:2    | Found Curuedeomn's Armour Emporium.
 21019 | Orc:2    | Mangled by an orc warrior
                  | ... wielding a +0 halberd
                  | ... led by Saint Roka
                  | (18 damage)
 21032 | Orc:2    | HP: 1/124 [Saint Roka/divine providence (13)]
 21033 | Orc:2    | Mangled by Saint Roka
                  | ... wielding a +3 battleaxe
                  | (14 damage)
 21040 | Orc:2    | Killed Saint Roka
 21055 | Orc:2    | Mangled by an orc warrior
                  | ... wielding a +0 halberd
                  | (18 damage)
 21094 | Orc:2    | Found a staircase to the Elven Halls.
 21262 | Orc:2    | Bought a glimmering cloak for 332 gold pieces
 21262 | Orc:2    | Identified the +0 cloak of the Vaults {Int+4} (You bought
                  | it in a shop on level 2 of the Orcish Mines)
 21496 | Orc:2    | Found Haclep's Self-Improvement Boutique.
 21506 | Orc:2    | Bought a manual of Armour for 800 gold pieces
 22497 | D:12     | Found a portal to a secret trove of treasure.
 23842 | D:14     | Found a gate to the Vaults.
 24191 | D:15     | Entered Level 15 of the Dungeon
 24233 | D:15     | Noticed Josephine
 24245 | D:15     | Killed Josephine
 24270 | D:15     | Slain by an ettin
                  | ... wielding a +0 dire flail
                  | (8 damage)
 24332 | D:15     | Found a staircase to the Depths.
 24355 | D:15     | Reached XP level 17. HP: 131/131 MP: 30/30
 24366 | D:15     | Reached skill level 10 in Spellcasting
 24601 | D:15     | Reached skill level 5 in Evocations
 25482 | Snake:1  | Entered Level 1 of the Snake Pit
 26383 | Snake:1  | HP: 6/131 [poisoned by a naga ritualist (splash of poison)]
 27300 | Snake:2  | Noticed Donald
 27338 | Snake:2  | Killed Donald
 27652 | Snake:2  | Reached skill level 15 in Armour
 28176 | Snake:2  | Reached skill level 5 in Shapeshifting
 28971 | Snake:3  | Slain by a naga mage
                  | ... wielding a +0 halberd
                  | (14 damage)
 28980 | Snake:3  | Mangled by a naga
                  | ... wielding a +0 trident
                  | (17 damage)
 28983 | Snake:3  | HP: 3/132 [naga/+0 glaive (10)]
 28983 | Snake:3  | Mangled by a naga
                  | ... wielding a +0 glaive
                  | (14 damage)
 29580 | Snake:3  | Identified the +6 long sword of Disaster {venom, rElec
                  | Stlth+}
 29607 | Snake:3  | Reached XP level 18. HP: 134/139 MP: 25/32
 29892 | Snake:3  | Noticed Azrael
 29928 | Snake:3  | Killed Azrael
 30384 | Snake:4  | Entered Level 4 of the Snake Pit
 30462 | Snake:4  | HP: 7/140 [spore (29)]
 30462 | Snake:4  | Engulfed by a cloud of flame

Illustrated notes

Levels and vault maps discovered:
D:1:      lightli_iron_boxes, layout_rooms, serial_shops, nicolae_shop_rolled_up
D:2:      layout_loops_ring
D:3:      layout_loops_corners, lemuel_crystal_altar, hangedman_decor_slide_cut
D:4:      nicolae_cairo_tiling, layout_basic,
          mainiacjoe_overflow_concentric_impassable, kennysheep_generic_room_2
D:5:      layout_rooms, serial_shops, nicolae_shop_hallway_plus, serial_demonic,
          serial_demonic_e, serial_demonic_g, serial_demonic_f,
          serial_demonic_a, serial_demonic_c,
          minmay_guarded_unrand_staff_of_olgreb
D:6:      layout_rooms, gammafunk_ghost_hive
D:7:      layout_loops_ring, uniq_pikel
D:8:      kennysheep_ambush_hall, layout_basic, kennysheep_mini_moat,
          serial_bayou, serial_bayou_lagoon_a, serial_bayou_shore_b,
          serial_bayou_pond_e, serial_bayou_shore_b, interstate_on_off,
          uniq_maurice
D:9:      due_chaos_kobolds, layout_irregular_city,
          nicolae_tso_swordbearing_angel
D:10:     layout_roguey, hellmonk_lair_entry_icy
D:11:     layout_rooms, uniq_lodul, uniq_nergalle
D:12:     layout_long_grid, enter_trove_3
D:13:     layout_long_grid
D:14:     layout_basic, david_vaults_1, kennysheep_cross_room
D:15:     hangedman_depths_entry_civil_slaughter, layout_basic,
          minmay_misc_feat_tower, uniq_josephine
Temple:   regret_index_temple_chain_breaker
Lair:1:   layout_roguey, nzn_random_ring, grunt_megastairs_1, uniq_amaemon
Lair:2:   layout_cave_pods, gauntlet_entry_generic,
          eino_small_chamber_without_monster, grunt_forest_small_clearing_treed,
          grunt_megastairs_5
Lair:3:   layout_loops_ring, nicolae_swamp_entry_spooky,
          nicolae_snake_entry_squirm, hangedman_tree_tricks, kennysheep_rathole
Lair:4:   gammafunk_boulding_lane, layout_regular_city, slime_entry_1,
          gammafunk_ghost_cemetery, minivault_26
Lair:5:   grunt_lair_end_beastmaster, layout_hall_layers,
          grunt_forest_small_clearings, infiniplex_staircase_pool_2
Snake:1:  layout_concentric_octagons, st_stairs_8, serial_bayou_shore_b,
          grunt_megastairs_2
Snake:2:  layout_gridlike, uniq_donald
Snake:3:  layout_basic, serial_bayou_ford_a, uniq_azrael
Snake:4:  hellmonk_snake_rune_quicksilver_temple, layout_misc_corridors
Orc:1:    orc_temple, layout_caves
Orc:2:    st_orc_open, layout_caves, nicolae_shop_self_help, uniq_saint_roka

Skill      XL: |  1  2  3  4  5  6  7  8  9 10 11 12 13 14 15 16 17 18 |
---------------+-------------------------------------------------------+-----
Stealth        | 1 2 3 4 5 6 7 8 10 11 12 13 | 13.4
Axes           | 3 4 5 7 9 11 13 14 15 16 17 18 | 18.9
Spellcasting   | 1 2 3 4 5 6 7 8 9 10 | 10.6
Armour         | 4 5 7 8 9 10 11 12 13 14 15 16 | 16.1
Shields        | 5 6 7 9 10 12 13 15 16 17 | 17.5
Fighting       | 4 5 6 7 8 9 10 11 | 11.9
Evocations     | 3 4 6 |  6.2
Shapeshifting  | 2 4 5 |  5.5

Action                     |  1- 3 |  4- 6 |  7- 9 | 10-12 | 13-15 | 16-18 || total
---------------------------+-------+-------+-------+-------+-------+-------++-------
  Melee: War axe           |    94 |   138 |   169 |   528 |   933 |   886 ||  2748
         Punch             |       |       |       |       |       |     1 ||     1
    Use: Scroll            |       |     4 |     3 |    10 |    10 |     2 ||    29
   Stab: Distracted        |       |       |     1 |     3 |     9 |     9 ||    22
         Sleeping          |       |       |       |     4 |    13 |       ||    17
         Petrified         |       |       |       |     6 |     4 |       ||    10
         Petrifying        |       |       |       |     1 |       |       ||     1
 Armour: Scale mail        |    72 |    34 |       |       |       |       ||   106
         Chain mail        |       |    55 |   180 |   586 |   638 |       ||  1459
         Plate armour      |       |       |       |       |    30 |       ||    30
         Crystal plate arm |       |       |       |       |    21 |   675 ||   696
  Dodge: Dodged            |    52 |    65 |   100 |   208 |   192 |   119 ||   736
  Block: Buckler           |    35 |    41 |    51 |    20 |       |       ||   147
         Kite shield       |       |       |       |   301 |   568 |   536 ||  1405
         Tower shield      |       |       |       |       |       |   170 ||   170
         Reflection        |       |       |       |       |       |    14 ||    14

Table legend: (Time is in decaauts)
 A = Elapsed time spent in this place.
 B = Non-inter-level travel time spent in this place.
 C = Inter-level travel time spent in this place.
 D = Time resting spent in this place.
 E = Time spent auto-exploring this place.
 F = Levels seen in this place.
 G = Mean time per level.
                   A        B        C        D        E       F      G
               +--------+--------+--------+--------+--------+-----+--------+
         Total |  30102 |  28457 |   1645 |   1880 |  21134 |  27 | 1114.9 |
       Dungeon |  14183 |  13274 |    909 |    343 |  10404 |  15 |  945.5 |
        Temple |     23 |      5 |     18 |      0 |      0 |   1 |   23.0 |
          Lair |   8718 |   8153 |    565 |    231 |   6301 |   5 | 1743.6 |
     Snake Pit |   4872 |   4831 |     41 |    984 |   3095 |   4 | 1218.0 |
  Orcish Mines |   2305 |   2193 |    112 |    322 |   1333 |   2 | 1152.5 |
               +--------+--------+--------+--------+--------+-----+--------+

Top non-repeatable levels by time:
  Lair:1: 2313 daAuts
  Lair:3: 1845 daAuts
 Snake:1: 1786 daAuts
     D:8: 1613 daAuts
 Snake:2: 1597 daAuts
  Lair:4: 1585 daAuts
  Lair:5: 1546 daAuts
   Orc:1: 1502 daAuts
  Lair:2: 1426 daAuts
 Snake:3: 1413 daAuts
    D:12: 1335 daAuts
     D:5: 1207 daAuts
     D:6: 1037 daAuts
    D:10: 1012 daAuts
     D:7: 992 daAuts
